Map: Moondance

Players

Andrew

  • Race: Protoss Protoss
  • Spawn Location: 6:00

Locox - Winner!

  • Race: Terran Terran
  • League: Silver
  • Spawn Location: 12:00

VOD

Have the link to the VOD?

Description

Time

  • Played on: Aug. 27, 2022, 4:12 a.m.
  • Length: 6:34
Show
View Real Time Build Order
Export as new Build Order

Andrew Protoss 

Build Orders:  

Get SALT Encoding   

  12  0:01  Probe (Chrono Boost)  
  13  0:11  Probe (Chrono Boost)  
  14  0:16  Probe (Chrono Boost)  
  15  0:23  Pylon  
  15  0:35  Assimilator  
  15  0:41  Probe  
  16  0:46  Gateway  
  16  0:53  Probe  
  16  0:54  Assimilator  
  17  1:05  Probe  
  17  1:08  Pylon  
  18  1:16  Pylon  
  18  1:17  Probe (Chrono Boost)  
  19  1:28  Probe (Chrono Boost)  
  20  1:33  Probe (Chrono Boost)  
  20  1:38  Zealot  
  23  1:44  Probe  
  24  1:56  Probe  
  24  1:57  Gateway  
  25  2:02  Forge  
  25  2:07  Cybernetics Core  
  25  2:16  Zealot  
  27  2:40  Nexus  
  27  2:45  Assimilator  
  27  2:54  Pylon  
  27  3:05  Pylon  
  27  3:09  Pylon  
  27  3:11  Assimilator  
  27  3:16  Pylon  
  27  3:23  Pylon  
  27  3:31  Pylon  
  27  3:37  Probe (Chrono Boost)  
  28  3:47  Probe (Chrono Boost)  
  29  3:52  Probe (Chrono Boost)  
  29  3:55  Twilight Council  
  30  4:03  Probe  
  30  4:04  Stargate  
  31  4:13  Stargate  
  31  4:20  Stargate  
  31  4:26  Probe (Chrono Boost)  
  32  4:34  Probe (Chrono Boost)  
  32  4:36  Probe (Chrono Boost)  
  34  4:42  Probe (Chrono Boost)  
  34  4:44  Probe (Chrono Boost)  
  36  4:46  Charge  
  36  4:47  Probe (Chrono Boost)  
  36  4:52  Probe  
  38  4:58  Probe, Photon Cannon  
  39  5:04  Probe (Chrono Boost)  
  39  5:05  Photon Cannon  
  40  5:16  Probe x2 (Chrono Boost)  
  42  5:24  Probe x2 (Chrono Boost)  
  42  5:28  Dark Shrine  
  44  5:29  Probe (Chrono Boost)  
  44  5:31  Probe  
  44  5:33  Fleet Beacon  
  46  5:40  Probe  
  47  5:43  Probe  
  48  5:51  Zealot (Chrono Boost)  
  48  5:56  Void Ray  
  45  5:59  Zealot (Chrono Boost)  
Show
View Real Time Build Order
Export as new Build Order

Locox Terran - Winner!

Build Orders:  

Get SALT Encoding   

  12  0:01  SCV  
  13  0:13  SCV  
  14  0:18  Supply Depot  
  14  0:32  SCV  
  15  0:44  Barracks, Supply Depot  
  15  0:48  SCV  
  16  1:02  SCV  
  17  1:05  Refinery  
  17  1:35  Marine  
  18  1:43  Barracks  
  18  1:46  Orbital Command  
  18  1:57  Barracks Reactor  
  18  2:08  Command Center  
  18  2:12  SCV  
  19  2:18  Refinery  
  19  2:33  Factory  
  19  2:35  Marine  
  20  2:37  Marine x2  
  22  2:48  SCV  
  23  2:55  Marine x2  
  26  2:59  Barracks Tech Lab  
  25  3:16  SCV  
  25  3:19  Factory Reactor  
  26  3:20  Starport  
  26  3:29  SCV x2  
  26  3:30  Marine x3  
  26  3:34  Stimpack  
  31  3:46  SCV  
  31  3:47  SCV  
  31  3:48  Marine  
  34  3:53  Marine  
  34  3:54  Marine  
  36  4:05  Factory Tech Lab  
  36  4:12  Supply Depot  
  36  4:15  Medivac  
  36  4:16  Marine x2  
  40  4:17  Marine  
  40  4:22  Medivac  
  43  4:34  Marine x2  
  43  4:38  Supply Depot  
  45  4:42  Siege Tank  
  45  4:43  Marine  
  49  4:52  Marine  
  50  5:05  Marine  
  50  5:06  Marine  
  52  5:08  Medivac  
  52  5:10  Medivac  
  52  5:13  Supply Depot  
  56  5:15  SCV  
  56  5:18  Orbital Command  
  57  5:28  SCV  
  58  6:12  Marine x3  
  58  6:18  Supply Depot  
  65  6:19  SCV x2  
Tags
 
League
Silver
Matchup
PvT
Spawn Locations
Cross Positions
Add a new tag
Caveats
  • Supply blocks, unpowered buildings, or Contaminate may cause inaccurate times.
  • Supply counts are checked every 10 seconds.